 Dungeon Crawl Stone Soup version 0.27.1-2-g3b301248ec (webtiles) character file.

Game seed: 9929097263625096560

146 Urokeeper the Skirmisher (level 5, -10/47 HPs)
             Began as a Minotaur Fighter on Sept 29, 2021.
             Blown up by Ijyb (26 damage)
             ... with a mindburst bolt
             ... on level 3 of the Dungeon.
             The game lasted 00:10:49 (3020 turns).

Urokeeper the Skirmisher (Minotaur Fighter)         Turns: 3020, Time: 00:10:49

Health: -10/47     AC:  7    Str: 21    XL:     5   Next: 7%
Magic:  4/4        EV:  7    Int:  5    God:
Gold:   31         SH:  9    Dex: 10    Spells: 4/4 levels left

rFire    . . .     SeeInvis .   p - +2 falchion (freeze)
rCold    . . .     Faith    .   c - +0 kite shield
rNeg     . . .     Spirit   .   b - +0 scale mail
rPois    .         Reflect  .   (helmet restricted)
rElec    .         Harm     .   (no cloak)
rCorr    .         Rampage  .   (no gloves)
Will     .....                  (no boots)
Stlth    ..........             (no amulet)
HPRegen  0.15/turn              (no ring)
MPRegen  0.09/turn              (no ring)

@: mighty
A: horns 2, retaliatory headbutt
a: no special abilities


You were on level 3 of the Dungeon.
You visited 1 branch of the dungeon, and saw 3 of its levels.
You also visited: Sewer.

You collected 31 gold pieces.

Inventory:

Hand Weapons
 a - a +0 long sword
 p - a +2 falchion of freezing (weapon)
Armour
 b - a +0 scale mail (worn)
 c - a +0 kite shield (worn)
Magical Staves
 j - a staff of air
Scrolls
 g - 2 scrolls of teleportation {unknown}
 h - 3 scrolls of enchant weapon {unknown}
 k - 2 scrolls of summoning {unknown}
 l - a scroll of identify {unknown}
 n - a scroll of magic mapping {unknown}
 o - a scroll of blinking {unknown}
Potions
 e - 2 potions of curing {unknown}
 f - 2 potions of mutation {unknown}
 i - a potion of resistance {unknown}
 m - a potion of degeneration {unknown}
 q - 2 potions of cancellation {unknown}
 r - a potion of experience {unknown}
 s - a potion of magic {unknown}
 t - a potion of haste {unknown}


   Skills:
 + Level 4.7 Fighting
 + Level 3.6 Long Blades
 + Level 4.7 Armour
 + Level 4.6 Shields


You had 4 spell levels left.
You didn't know any spells.
Your spell library contained the following spells:

 Spells                   Type           Power      Damage    Failure   Level
 Sting                    Tmut/Pois      0%         1d3       99%         1
 Poisonous Vapours        Pois/Air       0%         N/A       100%        2
 Portal Projectile        Hex/Tloc       0%         N/A       100%        3
 Olgreb's Toxic Radiance  Pois           0%         N/A       100%        4
 Blade Hands              Tmut           0%         N/A       100%        5
 Excruciating Wounds      Necr           0%         N/A       100%        5


Dungeon Overview and Level Annotations

Branches:
Dungeon (3/15)              Sewer (visited)

Altars:

Shops:
D:1 [

Annotations:
D:3 Ijyb


Innate Abilities, Weirdness & Mutations

You have a pair of horns on your head.
You reflexively headbutt those who attack you in melee.


Message History

You enter the shallow water.
Moving in this stuff is going to be slow.
You enter the shallow water.
Moving in this stuff is going to be slow.
You enter the shallow water.
Moving in this stuff is going to be slow.
You see here a jackal skeleton.
Partly explored, can't reach some places.
You enter the shallow water.
Moving in this stuff is going to be slow.
You see here a jackal skeleton.
You enter the shallow water.
Moving in this stuff is going to be slow.
There is a gate leading back out of this place here.
Welcome back to the Dungeon!
There is a collapsed entrance here.
You enter the shallow water.
Moving in this stuff is going to be slow.
Found 11 gold pieces.
Ijyb the Twisted Goblin comes into view.
She is wielding a +0 club and carrying a wand of mindburst (20).
Ijyb shouts!
Ijyb zaps a wand.
Your mind is blasted!
An adder comes into view.
You start resting.
Something unseen opens the large door.
You start resting.
Ijyb is nearby!
You closely miss Ijyb. You block Ijyb's attack.
You barely miss Ijyb. Ijyb hits you with a +0 club. You block Ijyb's attack.
You hit Ijyb but do no damage. You block Ijyb's attack.
You completely miss Ijyb. Ijyb hits you with a +0 club.
You closely miss Ijyb. Ijyb hits you with a +0 club.
Ijyb zaps a wand.
Your mind is blasted!
You feel very mighty all of a sudden. You block Ijyb's attack.
You slash Ijyb! You freeze Ijyb.
Ijyb is heavily wounded.
Ijyb zaps a wand.
Your mind is blasted!
Ouch! That really hurt!
You die...

.........#...##.......#
.........#............#
......................#
........#............#
...#.................#
##############......g.S
#≈.≈≈≈≈≈≈≈.....'#####..
##########.....g###
................@.#
..................#
..#####÷..........# ..#
#...........# ..#
#...........# ..#
#########+###
.######### .........#
.#######.#


You could see Ijyb.

Vanquished Creatures
  6 adders
  An ufetubus (D:3)
  A worm (D:3)
  2 dart slugs
  An orc (D:3)
  4 endoplasms
  2 giant cockroaches
  4 goblins
  6 hobgoblins
  15 jackals
  A quokka (D:1)
  6 ball pythons
  7 bats
  9 frilled lizards
  7 kobolds
  4 rats
76 creatures vanquished.

Vanquished Creatures (others)
  21 plants (Sewer)
21 creatures vanquished.

Grand Total: 97 creatures vanquished

Notes
Turn   | Place    | Note
-------+----------+-------------------------------------------
     0 | D:1      | Urokeeper the Minotaur Fighter began the quest for the Orb.
     0 | D:1      | Reached XP level 1. HP: 19/19 MP: 0/0
   262 | D:1      | Reached XP level 2. HP: 22/27 MP: 1/1
   560 | D:1      | Found Tuzerre's Armour Shoppe.
   788 | D:1      | Reached XP level 3. HP: 29/33 MP: 2/2
  1264 | D:2      | Reached XP level 4. HP: 30/41 MP: 3/3
  1442 | D:2      | Found a faded altar of an unknown god.
  2249 | D:3      | Found a glowing drain.
  2258 | Sewer    | Entered a sewer
  2498 | Sewer    | Reached XP level 5. HP: 44/47 MP: 4/4
  3003 | D:3      | Noticed Ijyb
  3020 | D:3      | Blown up by Ijyb

Illustrated notes

Levels and vault maps discovered:
D:1:      minmay_arrival_wavy_path, layout_loops_ring, serial_shops, shop
D:2:      layout_basic, shapermc_ecumenical_altar_pompeii
D:3:      layout_basic, fedhas_altar_3, portal_sewer_entry_d, uniq_natasha,
          uniq_ijyb

Skill      XL: |  1  2  3 |
---------------+----------+-----
Fighting       | 4 |  4.7
Armour         | 4 |  4.7
Shields        | 4 |  4.6
Long Blades    | 3 |  3.6

Action                   |  1- 3 |  4- 6 || total
-------------------------+-------+-------++-------
Melee: Long sword        |    80 |    55 ||   135
       Headbutt          |     8 |    18 ||    26
       Falchion          |       |    83 ||    83
  Use: Potion            |       |     1 ||     1
Armor: Scale mail        |    24 |    53 ||    77
Dodge: Dodged            |    37 |    27 ||    64
Block: Kite shield       |    42 |    63 ||   105
       Rpst.: Long sword |     9 |     2 ||    11
       Falchion          |       |     5 ||     5
